AoeStats
← warchickens

Hideout

508999474Analyzed
1v1 RM · 7d ago on Sep 25, 2026· 30m 51s· 2 players
Game mode
Random Map
Map size
Tiny (2 player)
Population
200
Speed
Normal
Resources
Standard
Victory
Conquest
Starting age
Dark Age
Ending age
Imperial Age
RankedLock teamsTeams togetherTeam positionsShared explorationLock speedFull tech treeHidden civsTurbo modeCheats
Victory
Defeat
🇨🇦 Spanish · Canada
1353
+14
🇺🇸 Danes · United States
1303
-14
warchickens
10:33 Feudal Age
11:29 Loom
14:13 Castle Age
meeees
10:11 Feudal Age
14:23 Castle Age
13:12 Double-Bit Axe
13:10 Horse Collar
13:38 Fletching
14:27 Loom
16:34 Scale Mail Armor
18:34 Elite Skirmisher
Connection lost

Rejoining the realm…

Still unreachable

The connection could not be restored.

Session expired

The server has moved on; the page needs a fresh start.